 Dungeon Crawl Stone Soup version 0.29.1-15-g9cfb28693d (webtiles) character file.

Game seed: 13423879024120929445

6983 Agony the Carver (level 10, -1/88 HPs)
             Began as a Minotaur Fighter on Mar 14, 2023.
             Was a High Priest of Okawaru.
             Killed by divine providence
             ... invoked by an orc priest
              (13 damage)
             ... on level 11 of the Dungeon on Apr 19, 2023.
             The game lasted 00:37:01 (9817 turns).

Agony the Carver (Minotaur Fighter)                 Turns: 9817, Time: 00:37:02

Health: -1/88      AC: 29    Str: 24    XL:     10   Next: 81%
Magic:  8/9        EV:  8    Int:  5    God:    Okawaru [*****.]
Gold:   485        SH:  0    Dex: 11    Spells: 9/9 levels left

rFire   . . .      SeeInvis .   G - +4 great sword (vorpal)
rCold   . . .      Faith    .   (shield currently unavailable)
rNeg    . . .      Spirit   .   A - +0 plate armour
rPois   .          Reflect  .   (helmet restricted)
rElec   .          Harm     .   J - +2 cloak
rCorr   .          Rampage  .   b - +1 Delatra's gloves {ID++}
Will    .....                   p - +0 pair of boots
Stlth   ..........              (no amulet)
HPRegen 0.24/turn               o - +4 ring of protection
MPRegen 0.11/turn               i - +4 ring of protection

@: slowed, very slow
A: horns 2, retaliatory headbutt
a: Renounce Religion, Heroism, Finesse, Duel


You were on level 11 of the Dungeon.
You worshipped Okawaru.
Okawaru was extremely pleased with you.
You visited 1 branch of the dungeon, and saw 11 of its levels.
You also visited: Ossuary.

You collected 485 gold pieces.

Inventory:

Hand Weapons
 G - a +4 vorpal great sword (weapon)
Missiles
 g - a throwing net (quivered)
Armour
 b - the +1 Delatra's gloves (worn) {ID++}
   (You found it on level 5 of the Dungeon)

   It heals its wearer when they drink unknown potions.
   It restores its wearer's MP when they read unknown scrolls.
 p - a +0 pair of boots (worn)
 A - a +0 plate armour (worn)
 J - a +2 cloak (worn)
 N - a +0 ring mail
Magical Staves
 c - a staff of earth
Jewellery
 d - a ring of flight
 i - a +4 ring of protection (right hand)
 o - a +4 ring of protection (left hand)
 y - a ring of ice
 H - a ring of willpower
Wands
 a - a wand of digging (11)
 E - a wand of polymorph (3)
Scrolls
 j - 4 scrolls of fear
 k - a scroll of summoning
 m - 2 scrolls of immolation
 r - a scroll of blinking {unknown}
 s - 5 scrolls of amnesia
 v - a scroll of vulnerability {unknown}
 w - 2 scrolls of brand weapon {unknown}
 x - 4 scrolls of enchant armour {unknown}
 B - 5 scrolls of poison {unknown}
 F - 5 scrolls of identify
 I - a scroll of butterflies {unknown}
 K - a scroll of noise {unknown}
 M - a scroll of teleportation {unknown}
 O - a scroll of magic mapping {unknown}
Potions
 e - a potion of ambrosia
 f - 4 potions of flight
 h - 6 potions of heal wounds
 l - a potion of mutation
 n - a potion of attraction
 q - a potion of degeneration
 t - 6 potions of curing
 u - 4 potions of haste
 z - a potion of resistance {unknown}
 C - 3 potions of might
 D - 3 potions of invisibility
 L - a potion of berserk rage {unknown}
 P - a potion of magic {unknown}


   Skills:
 + Level 8.2 Fighting
 * Level 11.2 Long Blades
 - Level 10.0 Polearms
 + Level 9.5 Armour
 + Level 3.3 Dodging
 + Level 0.9 Stealth
 + Level 6.3 Shields


You had 9 spell levels left.
You didn't know any spells.
Your spell library contained the following spells:

 Spells                   Type           Power      Damage    Failure   Level
 Shock                    Conj/Air       0%         1d3       99%         1
 Dazzling Flash           Conj/Hex       0%         N/A       100%        3
 Swiftness                Air            0%         N/A       100%        3
 Airstrike                Air            0%         2d(0-16)  100%        4
 Agony                    Necr           0%         N/A       100%        5
 Silence                  Hex/Air        0%         N/A       100%        5
 Dispersal                Tloc           0%         N/A       100%        6
 Disjunction              Tloc           0%         N/A       100%        8


Dungeon Overview and Level Annotations

Branches:
Dungeon (11/15)            Temple (0/1) D:7             Orc (0/2) D:9
Ossuary (visited)
   Lair: D:8-11

Altars:
Ashenzari
Cheibriados
Elyvilon
Kikubaaqudgha
Okawaru
Trog
Vehumet
Zin

Shops:
D:4 *

Annotations:
D:2 1 runed translucent door, Crazy Yiuf
D:3 3 runed translucent doors, Sensen's ghost, amateur DsMo
D:9 4 transporters


Innate Abilities, Weirdness & Mutations

You have a pair of horns on your head.
You reflexively headbutt those who attack you in melee.


Message History

The orc priest invokes the aid of Beogh against you.
Beogh smites you! The wraith hits you but does no damage.
The orc wizard points at you and mumbles some strange words.
The puff of flame hits you but does no damage.
The cyclops hits you but does no damage.
The wraith hits you but does no damage.
You hit the cyclops. Your headbutt misses the cyclops.
The cyclops is almost dead.
The orc wizard hits you but does no damage.
The orc wizard points at you and mumbles some strange words.
You easily resist.
The wraith closely misses you.
The cyclops hits you but does no damage.
The orc wizard hits you with a +0 dagger of speed.
The wraith hits you but does no damage.
You barely miss the cyclops. You headbutt the cyclops.
You kill the cyclops!
Okawaru accepts your kill.
The orc wizard gestures at you while chanting.
The magic dart hits you but does no damage.
The orc priest begins to cast a cantrip, but forgets the words!
The wraith hits you!
* * * LOW HITPOINT WARNING * * *
The wraith drains your vigour!
You feel as though you will be slow longer.
The orc wizard hits you but does no damage.
Your Long Blades skill increases to level 11!
You slash the wraith!
The wraith is heavily damaged.
The orc priest mumbles some strange prayers to Beogh against you.
Beogh smites you!
* * * LOW HITPOINT WARNING * * *
The wraith hits you but does no damage.
The orc wizard hits you but does no damage.
The orc wizard points at you and mumbles some strange words.
The puff of flame hits you but does no damage.
The orc priest hits you but does no damage. x2
The wraith hits you but does no damage.
The orc priest invokes the aid of Beogh against you.
Beogh smites you!
You die...

..########.. #
#........... ..
#P.......!#
_..##.........#
....P...$.....#
...P..........#
##....oWo.....##
#P....o.........
.....###@.......
...P #..######
P. #.(# #<.#
#..# .....
#######


You could see a wraith, 2 orc priests and an orc wizard.

Vanquished Creatures
  A two-headed ogre (D:5)
  A cyclops (D:11)
  A wraith (D:10)
  7 yaks
  A shadow (D:10)
  A vampire (D:10)
  4 steam dragons
  3 water moccasins
  A black bear (D:5)
  An ice beast (D:7)
  2 sky beasts
  3 orc warriors
  3 ogres
  4 centaurs
  4 phantoms
  3 kobold brigands
  5 bullfrogs
  2 scorpions
  A gnoll sergeant (D:9)
  3 water moccasin zombies (Ossuary)
  13 killer bees
  3 howler monkeys (D:9)
  4 hounds
  Natasha (thrice) (D:4)
  2 iguanas
  5 orc wizards
  2 mummies (Ossuary)
  10 gnolls
  8 adders
  A white imp (D:7)
  2 adder zombies (Ossuary)
  A dart slug (D:4)
  19 orcs
  7 bats
  10 endoplasms
  2 giant cockroaches
  6 goblins
  8 hobgoblins
  2 jackals (D:3)
  5 quokkas
  10 ball pythons
  5 frilled lizards
  2 gnoll zombies (Ossuary)
  6 hobgoblin zombies (Ossuary)
  22 kobolds
  6 kobold zombies (Ossuary)
  5 orc zombies (Ossuary)
  3 rats
223 creatures vanquished.

Notes
Turn   | Place    | Note
-------+----------+-------------------------------------------
     0 | D:1      | Agony the Minotaur Fighter began the quest for the Orb.
     0 | D:1      | Reached XP level 1. HP: 19/19 MP: 0/0
   236 | D:1      | Reached XP level 2. HP: 27/27 MP: 1/1
  1040 | D:2      | Reached XP level 3. HP: 33/33 MP: 2/2
  1069 | D:2      | Reached skill level 3 in Long Blades
  1139 | D:2      | You fall into a shaft and drop 2 floors!
  1321 | D:2      | Found a runed translucent door.
  1322 | D:2      | Noticed Crazy Yiuf
  1946 | D:3      | Noticed Sensen's ghost (amateur DsMo)
  1962 | D:3      | Found a runed translucent gate.
  1962 | D:3      | Found a runed translucent gate.
  1962 | D:3      | Found a runed translucent gate.
  1974 | D:3      | Reached XP level 4. HP: 38/40 MP: 3/3
  2184 | D:3      | Found an iron altar of Okawaru.
  2202 | D:3      | Found an ancient bone altar of Kikubaaqudgha.
  2210 | D:3      | Noticed a scorpion
  2225 | D:3      | Killed a scorpion
  2226 | D:3      | Reached skill level 4 in Long Blades
  2394 | D:3      | Became a worshipper of Warmaster Okawaru
  2431 | D:3      | Reached XP level 5. HP: 44/46 MP: 4/4
  2487 | D:3      | Reached skill level 5 in Armour
  2487 | D:3      | Reached skill level 1 in Dodging
  2588 | D:3      | Found a faded altar of an unknown god.
  3042 | D:4      | Noticed Natasha
  3055 | D:4      | Reached skill level 5 in Long Blades
  3061 | D:4      | Killed Natasha
  3062 | D:4      | Reached XP level 6. HP: 50/53 MP: 5/5
  3115 | D:4      | Noticed Natasha
  3120 | D:4      | Killed Natasha
  3175 | D:4      | Found Foegit's CLEARANCE SALE!.
  3226 | D:4      | Reached skill level 1 in Polearms
  3326 | D:4      | Reached * piety under Okawaru
  3458 | D:4      | Reached XP level 7. HP: 60/60 MP: 6/6
  3624 | D:4      | Noticed Natasha
  3633 | D:4      | Killed Natasha
  3725 | D:5      | Entered Level 5 of the Dungeon
  3918 | D:5      | Found a white marble altar of Elyvilon.
  3936 | D:5      | Reached skill level 5 in Fighting
  4157 | D:5      | Noticed a two-headed ogre
  4165 | D:5      | Killed a two-headed ogre
  4165 | D:5      | Reached ** piety under Okawaru
  4165 | D:5      | Reached *** piety under Okawaru
  4166 | D:5      | Reached XP level 8. HP: 56/70 MP: 4/7
  4237 | D:5      | Found a broken altar of Ashenzari.
  4482 | D:5      | Found the +1 Delatra's gloves {ID++}
  4503 | D:5      | Identified the +5 ring mail of the Quick God {Contam Dex+6}
  4728 | D:6      | Found a sand-covered staircase.
  4733 | Ossuary  | Entered an ossuary
  4869 | Ossuary  | Reached **** piety under Okawaru
  5031 | D:6      | Reached skill level 5 in Shields
  5575 | D:7      | Found a staircase to the Ecumenical Temple.
  5593 | D:7      | Reached XP level 9. HP: 55/75 MP: 8/8
  6139 | D:7      | Reached ***** piety under Okawaru
  6484 | D:7      | Received a gift from Okawaru
  6492 | D:7      | Reached skill level 10 in Polearms
  7013 | D:8      | Found a bloodstained altar of Trog.
  7024 | D:8      | Found a snail-covered altar of Cheibriados.
  7078 | D:8      | Reached skill level 6 in Long Blades
  7414 | D:8      | Found a glowing silver altar of Zin.
  7415 | D:8      | Found a radiant altar of Vehumet.
  7494 | D:8      | Reached skill level 7 in Long Blades
  7494 | D:8      | Reached XP level 10. HP: 86/86 MP: 9/9
  7866 | D:9      | Found a staircase to the Orcish Mines.
  7952 | D:9      | Found a transporter.
  7954 | D:9      | Found a transporter.
  7955 | D:9      | Found a transporter.
  8022 | D:9      | Reached skill level 8 in Long Blades
  8116 | D:9      | Reached skill level 9 in Long Blades
  8397 | D:9      | Found a transporter.
  8599 | D:9      | Reached skill level 10 in Long Blades
  9024 | D:10     | Entered Level 10 of the Dungeon
  9053 | D:10     | Received a gift from Okawaru
  9411 | D:10     | Identified the +4 scale mail of Fintuitaorgh {Harm rC-
                  | Int+4 SInv}
  9802 | D:11     | Noticed a cyclops
  9806 | D:11     | Found an ancient bone altar of Kikubaaqudgha.
  9815 | D:11     | Killed a cyclops
  9816 | D:11     | Reached skill level 11 in Long Blades
  9817 | D:11     | Killed from afar by an orc priest

Illustrated notes

Levels and vault maps discovered:
D:1:      dpeg_arrival_orchard, layout_basic, st_stairs_5
D:2:      minmay_evil_eye, layout_loops_ring, minmay_statues_item,
          amcnicky_mini_pool_small, uniq_crazy_yiuf_cottage
D:3:      layout_basic, mainiacjoe_overflow_catwalk_spiral,
          gammafunk_ghost_split, shapermc_ecumenical_altar_mp_ritualfount,
          dreamdust_princess_bridge
D:4:      layout_basic, nicolae_shop_clearance, uniq_natasha
D:5:      layout_loops_corners, lemuel_coloured_pillars_altar,
          mainiacjoe_overflow_24_doors
D:6:      layout_basic, nicolae_ossuary_entry_plus, hangedman_decor_growths,
          nicolae_concentric_dashed_squares_wild,
          hangedman_abyss_or_decor_lesser_grid
D:7:      minmay_skewed_foursquare, layout_basic,
          minmay_temple_entry_stoned_glass
D:8:      layout_gridville, mainiacjoe_overflow_alcove_3
D:9:      layout_basic, orc_0_dummy, nicolae_diode_quadrants
D:10:     layout_irregular_city, hex_large
D:11:     layout_long_grid, erik_lair_island, minivault_15,
          kiku_gazebo_garden_becter

Skill      XL: |  1  2  3  4  5  6  7  8  9 10 |
---------------+-------------------------------+-----
Armour         | 4 5 6 7 8 9 |  9.5
Fighting       | 4 5 6 7 8 |  8.2
Long Blades    | 3 4 5 7 11 | 11.2
Shields        | 4 5 6 |  6.3
Dodging        | 1 3 |  3.3
Polearms       | 2 6 8 10 | 10.0
Stealth        | |  0.9

Action                   |  1- 3 |  4- 6 |  7- 9 | 10-12 || total
-------------------------+-------+-------+-------+-------++-------
Melee: Long sword        |   116 |    72 |       |       ||   188
       Headbutt          |    11 |    12 |    52 |    20 ||    95
       Spear             |       |    37 |   288 |       ||   325
       Great sword       |       |       |    40 |   147 ||   187
Invok: Heroism           |       |       |     1 |     1 ||     2
  Use: Potion            |     3 |     3 |       |       ||     6
       Scroll            |     1 |     7 |     4 |       ||    12
Armor: Scale mail        |    63 |    64 |    18 |       ||   145
       Plate armour      |       |       |   216 |   197 ||   413
Dodge: Dodged            |    55 |    52 |   124 |   114 ||   345
Block: Buckler           |    22 |    25 |    66 |       ||   113
